 Dungeon Crawl Stone Soup version 0.31-a0-609-g7bf6ffcfed (webtiles) character file.

Game seed: 4661545165264140523

21 Rohain the Slasher (level 2, -4/26 HPs)
             Began as a Gnoll Reaver on Aug 22, 2023.
             Slain by a worm (10 damage)
             ... on level 2 of the Dungeon.
             The game lasted 00:00:43 (824 turns).

Rohain the Slasher (Gnoll Reaver)                    Turns: 824, Time: 00:00:44

Health: -4/26      AC:  3    Str: 11    XL:     2   Next: 83%
Magic:  7/7        EV: 12    Int: 12    God:
Gold:   104        SH:  0    Dex: 10    Spells: 9/10 levels left

rFire   . . .        a - +0 falchion
rCold   . . .        (no shield)
rNeg    . . .        b - +0 leather armour
rPois   .            (no helmet)
rElec   .            (no cloak)
rCorr   .            (no gloves)
SInv    .            (no boots)
Will    .....        (no amulet)
Stlth   +            e - ring of flight
HPRegen 0.24/turn    (no ring)
MPRegen 0.10/turn

%: no passive effects
@: flying
A: fangs 1, strong nose, distributed training
a: no special abilities


You were on level 2 of the Dungeon.
You visited 1 branch of the dungeon, and saw 2 of its levels.

You collected 104 gold pieces.

Inventory:

Hand Weapons
 a - a +0 falchion (weapon)
Missiles
 f - 4 silver javelins
Armour
 b - a +0 leather armour (worn)
Magical Staves
 d - a staff of poison
Jewellery
 e - a ring of flight (left hand)
Scrolls
 c - 2 scrolls of identify {unknown}
 g - a scroll of amnesia {unknown}
Potions
 h - a potion of curing {unknown}


   Skills:
 + Level 4.5 Fighting
 + Level 0.5 Short Blades
 + Level 6.5 Long Blades
 + Level 0.5 Axes
 + Level 0.5 Maces & Flails
 + Level 0.5 Polearms
 + Level 0.5 Staves
 + Level 0.5 Ranged Weapons
 + Level 0.5 Throwing
 + Level 0.5 Armour
 + Level 4.5 Dodging
 + Level 0.5 Stealth
 + Level 0.5 Shields
 + Level 0.5 Unarmed Combat
 + Level 4.9 Spellcasting
 + Level 5.4 Conjurations
 + Level 0.4 Hexes
 + Level 0.4 Summonings
 + Level 0.4 Necromancy
 + Level 0.4 Translocations
 + Level 0.4 Transmutations
 + Level 0.4 Fire Magic
 + Level 0.4 Ice Magic
 + Level 0.4 Air Magic
 + Level 0.4 Earth Magic
 + Level 0.4 Poison Magic
 + Level 0.7 Invocations
 + Level 0.5 Evocations
 + Level 0.4 Shapeshifting


You had 9 spell levels left.
You knew the following spells:

 Your Spells              Type           Power      Damage    Failure   Level
a - Kiss of Death         Conj/Necr      36%        2d8       9%          1

Your spell library contained the following spells:

 Spells                   Type           Power      Damage    Failure   Level
 Momentum Strike          Conj/Tloc      18%        3d8       12%         2
 Hailstorm                Conj/Ice       9%         3d4       24%         3


Dungeon Overview and Level Annotations

Branches:
Dungeon (2/15)

Altars:


Innate Abilities, Weirdness & Mutations

You have very sharp teeth.
Your uncanny sense of smell can sniff out nearby items.
Your experience applies equally to all skills.


Message History

The adder is heavily wounded.
The adder bites you but does no damage.
You hit the adder.
The adder is almost dead.
The adder barely misses you.
You hit the adder.
You kill the adder!
You hit the worm but do no damage. You hit the worm.
The worm is moderately wounded.
The worm barely misses you.
You slash the worm!
The worm is heavily wounded.
The worm closely misses you.
You hit the worm but do no damage. You bite the worm.
The worm is severely wounded.
You hit the worm but do no damage.
The worm is severely wounded.
The worm completely misses you.
You completely miss the worm.
The worm is heavily wounded.
You hit the worm.
The worm is almost dead.
The worm bites you but does no damage.
You barely miss the worm.
The worm is almost dead.
The worm bites you!
You barely miss the worm.
The worm is severely wounded.
You barely miss the worm.
The worm is severely wounded.
The worm bites you!
* * * LOW HITPOINT WARNING * * *
You barely miss the worm. You bite the worm, but do no damage.
The worm is severely wounded.
Unknown command.
You barely miss the worm. You bite the worm.
The worm is severely wounded.
The worm bites you!
You die...

#< .# #.# #.# #.# #.#
##.####.##
####...##...######
#......$..........
#>..##...#..#
#...w@.#....#
#..###...##.# #..#
##.###.###.#..
#..####............
...............#.###)##)
.##.##.#######.#.# # #.
#.#.# #. #.#.# #. #.#.#


You could see a worm.

Vanquished Creatures
  An adder (D:2)
  2 endoplasms (D:1)
  3 hobgoblins (D:1)
  2 quokkas (D:1)
  A bat (D:1)
  A frilled lizard (D:1)
  A rat (D:1)
11 creatures vanquished.

Notes
Turn   | Place    | Note
-------+----------+-------------------------------------------
     0 | D:1      | Rohain the Gnoll Reaver began the quest for the Orb.
     0 | D:1      | Reached XP level 1. HP: 20/20 MP: 6/6
    11 | D:1      | Noticed a bullfrog
   355 | D:1      | Reached XP level 2. HP: 26/26 MP: 7/7
   824 | D:2      | Slain by a worm

Illustrated notes

Levels and vault maps discovered:
D:1:      evilmike_arrival_come_back, layout_basic
D:2:      layout_loops_ring

Action                     || total
---------------------------++-------
  Melee: Falchion          ||    43
         Bite              ||     4
 Armour: Leather armour    ||     7
  Dodge: Dodged            ||    21

Table legend: (Time is in decaauts)
 A = Elapsed time spent in this place.
 B = Non-inter-level travel time spent in this place.
 C = Inter-level travel time spent in this place.
 D = Time resting spent in this place.
 E = Time spent auto-exploring this place.
 F = Levels seen in this place.
 G = Mean time per level.
                   A        B        C        D        E       F      G
               +--------+--------+--------+--------+--------+-----+--------+
         Total |    822 |    786 |     36 |      0 |    681 |   2 |  411.0 |
       Dungeon |    822 |    786 |     36 |      0 |    681 |   2 |  411.0 |
               +--------+--------+--------+--------+--------+-----+--------+

Top non-repeatable levels by time:
     D:1: 760 daAuts
     D:2: 61 daAuts
